 Dungeon Crawl Stone Soup version 0.29-a0-322-g68df515428 (webtiles) character file.

Game seed: 17143004094118903418

214 experimilk the Cudgeller (level 5, 0/43 HPs)
             Began as a Palentonga Fighter on Apr 9, 2022.
             Was an Initiate of Makhleb.
             Slain by a jackal (2 damage)
             ... on level 3 of the Dungeon.
             The game lasted 00:07:37 (3459 turns).

experimilk the Cudgeller (Palentonga Fighter)       Turns: 3459, Time: 00:07:40

Health: 0/43       AC:  7    Str: 21    XL:     5   Next: 60%
Magic:  5/5        EV: 12    Int:  9    God:    Makhleb [......]
Gold:   222        SH:  4    Dex:  9    Spells: 4/4 levels left

rFire   . . .      SeeInvis +   p - +0 whip (drain)
rCold   . . .      Faith    .   c - +0 buckler
rNeg    . . .      Spirit   .   f - +0 ring mail
rPois   .          Reflect  .   w - +0 helmet
rElec   .          Harm     .   (no cloak)
rCorr   .          Rampage  .   (no gloves)
Will    .....                   (no barding)
Stlth   ..........              u - amulet of the acrobat
HPRegen 0.14/turn               h - +4 ring of evasion
MPRegen 0.09/turn               (no ring)

@: about to teleport
A: large, rugged brown scales 3, see invisible, deformed body, roll 1, armoured
tail
a: Rolling Charge, Renounce Religion


You were on level 3 of the Dungeon.
You worshipped Makhleb.
Makhleb was noncommittal.
You visited 1 branch of the dungeon, and saw 4 of its levels.

You collected 222 gold pieces.

Inventory:

Hand Weapons
 a - a +0 flail
 p - a +0 whip of draining (weapon)
Missiles
 k - 2 boomerangs (quivered)
 l - 4 atropa-tipped darts
Armour
 c - a +0 buckler (worn)
 f - a +0 ring mail (worn)
 w - a +0 helmet (worn)
Jewellery
 h - a +4 ring of evasion (left hand)
 u - an amulet of the acrobat (around neck)
Wands
 s - a wand of flame (4)
Scrolls
 b - a scroll of amnesia
 e - 3 scrolls of immolation
 m - a scroll of fear {unknown}
 o - a scroll of blinking {unknown}
 r - a scroll of acquirement {unknown}
 t - a scroll of summoning {unknown}
 v - a scroll of fog {unknown}
Potions
 n - 3 potions of flight


   Skills:
 - Level 3.0 Fighting
 * Level 5.9 Maces & Flails
 - Level 0.2 Throwing
 - Level 2.4 Armour
 - Level 2.4 Shields


You had 4 spell levels left.
You didn't know any spells.
Your spell library contained the following spells:

 Spells                   Type           Power      Damage    Failure   Level
 Scorch                   Fire           0%         2d5       77%         2
 Flame Wave               Conj/Fire      0%         2d4       100%        4
 Summon Cactus Giant      Summ           0%         N/A       100%        6


Dungeon Overview and Level Annotations

Branches:
Dungeon (4/15)
 Temple: D:4-7

Altars:
Makhleb
Vehumet


Innate Abilities, Weirdness & Mutations

You are completely covered in rugged brown scales. (AC +3, +7% HP)
You have supernaturally acute eyesight. (SInv)
Armour fits poorly on your strangely shaped body.
You can roll at nearby foes to attack.
You have a long armoured tail.


Message History

You are poisoned.
The killer bee poisons you!
The killer bee stings you but does no damage.
There is a stone staircase leading up, spattered with blood here.
You feel sick. The killer bee stings you. You block the killer bee's attack.
The jackal bites you. The jackal barely misses you. The endoplasm misses you.
The orc misses you. The killer bee closely misses you.
You block the killer bee's attack.
You climb upwards.
You feel sick.
There is a stone staircase leading down here.
As you read the scroll of teleportation, it crumbles to dust.
You feel strangely unstable.
You feel sick. The jackal completely misses you. The jackal misses you.
The killer bee barely misses you. x2
You block the orc's attack. You block the endoplasm's attack.
The jackal barely misses you.
The jackal bites you but does no damage.
The killer bee stings you. x2
You barely miss the killer bee.
You feel sick. The killer bee barely misses you.
The killer bee stings you but does no damage.
The orc barely misses you. The endoplasm barely misses you.
You block the jackal's attack.
The jackal bites you but does no damage.
Unknown command.
You miss the killer bee.
You feel sick. The killer bee stings you.
* * * LOW HITPOINT WARNING * * *
The killer bee stings you.
* * * LOW HITPOINT WARNING * * *
You block the jackal's attack. The jackal closely misses you.
You block the killer bee's attack. The killer bee stings you!
* * * LOW HITPOINT WARNING * * *
The orc misses you. The endoplasm misses you.
Okay, then.
As you read the scroll labelled QUDDUIPSUDD, it crumbles to dust.
You speak a Word of immense power!
It was a scroll of holy word.
You feel sick.
You are no longer poisoned.
The killer bee barely misses you.
The killer bee stings you but does no damage.
The jackal bites you.
You die...

..^#.#.# ##..........#####.#...
.......# #.......###...#......#
......## #.......#####...##....
......# #.........).....##...#
...)..### ##........#####......#
....#...# ##.............##.#.##
.)).###.# #........#####.##....#
).......# #....J....####.....#.#
.)..###.####...h@o.......###..#..
....# #..#.....hyy#.####........#
....# #..#.......##.## ###.......
...## #..#.......##..####†.......
..#####..........#...............
### #....#.......#.......)......†
#....#.......#...............
#............................
#....#.......#...............


You could see 2 killer bees, an orc, an endoplasm and 2 jackals.

Vanquished Creatures
  3 killer bees (D:3)
  2 adders (D:3)
  A worm (D:3)
  2 dart slugs
  4 orcs (D:3)
  2 ball pythons
  5 bats
  8 endoplasms
  2 giant cockroaches (D:3)
  7 goblins
  4 hobgoblins
  A jackal (D:3)
  2 quokkas
  A frilled lizard (D:2)
  5 kobolds
  4 rats
53 creatures vanquished.

Notes
Turn   | Place    | Note
-------+----------+-------------------------------------------
     0 | D:1      | experimilk the Palentonga Fighter began the quest for the
                  | Orb.
     0 | D:1      | Reached XP level 1. HP: 19/19 MP: 1/1
   613 | D:1      | Reached XP level 2. HP: 25/25 MP: 2/2
  1028 | D:2      | Reached skill level 3 in Maces & Flails
  1120 | D:2      | Found a burning altar of Makhleb.
  1271 | D:2      | Became a worshipper of Makhleb the Destroyer
  1575 | D:3      | Found a radiant altar of Vehumet.
  1582 | D:3      | Reached XP level 3. HP: 28/31 MP: 3/3
  2136 | D:3      | Reached skill level 4 in Maces & Flails
  2180 | D:3      | Reached XP level 4. HP: 18/37 MP: 4/4
  2634 | D:3      | Reached skill level 5 in Maces & Flails
  2635 | D:3      | Reached XP level 5. HP: 6/43 MP: 5/5
  3459 | D:3      | HP: 2/43 [poisoned by a killer bee]
  3459 | D:3      | Slain by a jackal

Illustrated notes

Levels and vault maps discovered:
D:1:      co_arrival_square_in_a_square_in_a_square, layout_basic
D:2:      layout_rooms, basic_altar
D:3:      minmay_chambers_of_threes, layout_rooms, vehumet_altar_wand_db
D:4:      layout_cave_pools, minmay_temple_entry_drinking_statues, serial_glass,
          glass_columns_a, glass_columns_c, serial_shops,
          nicolae_shop_advertising_works [nicolae_subvault_shop_adworks],
          uniq_crazy_yiuf_cottage

Skill      XL: |  1  2  3  4 |
---------------+-------------+-----
Maces & Flails | 3 4 5 |  5.9
Fighting       | |  3.0
Throwing       | |  0.2
Armour         | |  2.4
Shields        | |  2.4

Action                   |  1- 3 |  4- 6 || total
-------------------------+-------+-------++-------
Melee: Flail             |    35 |       ||    35
       Tailslap          |     8 |     2 ||    10
       Whip              |    77 |    38 ||   115
Throw: Boomerang         |     6 |       ||     6
 Abil: Rolling Charge    |    29 |     4 ||    33
  Use: Scroll            |     3 |     4 ||     7
       Potion            |     1 |     1 ||     2
Armor: Ring mail         |    48 |    23 ||    71
       Scale mail        |     1 |       ||     1
Dodge: Dodged            |    38 |    55 ||    93
Block: Buckler           |    13 |    15 ||    28

Table legend: (Time is in decaauts)
 A = Elapsed time spent in this place.
 B = Non-inter-level travel time spent in this place.
 C = Inter-level travel time spent in this place.
 D = Time resting spent in this place.
 E = Time spent auto-exploring this place.
 F = Levels seen in this place.
 G = Mean time per level.
                   A        B        C        D        E       F      G
               +--------+--------+--------+--------+--------+-----+--------+
         Total |   3481 |   3303 |    178 |   1315 |   1291 |   4 |  870.2 |
       Dungeon |   3481 |   3303 |    178 |   1315 |   1291 |   4 |  870.2 |
               +--------+--------+--------+--------+--------+-----+--------+

Top non-repeatable levels by time:
     D:3: 1980 daAuts
     D:1: 853 daAuts
     D:2: 631 daAuts
     D:4: 16 daAuts
